 Dungeon Sprint DCSS version 0.30-a0-802-gb92711bcdf (webtiles) character file.

Game seed: 17580313137697244926

602 retardedninja the Fighter (level 7, -1/73 HPs)
             Began as a Minotaur Fighter on Feb 24, 2023.
             Was an Initiate of Gozag.
             Slain by Sonja
             ... wielding a +2 dagger of distortion
              (4 damage)
             ... while paralysed by Sonja
             ... in the Dungeon (Sprint I: "Red Sonja").
             The game lasted 00:01:11 (1116 turns).

retardedninja the Fighter (Minotaur Fighter)        Turns: 1116, Time: 00:01:11

Health: -1/73      AC:  8    Str: 22    XL:     7   Next: 18%
Magic:  6/6        EV:  2    Int:  5    God:    Gozag
Gold:   441        SH:  0    Dex: 10    Spells: 6/6 levels left

rFire   . . .      SeeInvis .    a - +0 war axe
rCold   . . .      Faith    .    c - +0 buckler
rNeg    . . .      Spirit   .    b - +0 scale mail
rPois   .          Reflect  .    (helmet restricted)
rElec   .          Harm     .    (no cloak)
rCorr   .          Rampage  .    (no gloves)
Will    .....      NoTele   +    (no boots) Stlth
                                 (no amulet)
HPRegen 0.32/turn                (no ring)
MPRegen 0.10/turn                (no ring)

@: paralysed, lethally poisoned (-1 -> -8), slowed
A: horns 2, retaliatory headbutt
a: Renounce Religion, Potion Petition, Call Merchant, Bribe Branch


You were in the Dungeon.
You worshipped Gozag.
Gozag was aware of your devotion.
You visited 1 branch You collected 441 gold pieces.

Inventory:

Hand Weapons
 a - a +0 war axe (weapon)
Armour
 b - a +0 scale mail (worn)
 c - a +0 buckler (worn)
Wands
 k - a wand of flame (18)
 l - a wand of acid (3)
Scrolls
 d - 2 scrolls of identify
 j - a scroll of blinking
Potions
 e - a potion of curing
 f - a potion of heal wounds
 g - a potion of haste
 h - 2 potions of magic
 i - a potion of berserk rage


   Skills:
 + Level 10.9 Fighting
 + Level 7.2 Axes
 + Level 10.8 Armour
 + Level 0.2 Dodging
 + Level 10.3 Shields


You had 6 spell levels left.
You didn't know any spells.
Your spell library was empty.

Dungeon Overview and Level Annotations

Branches:
Dungeon (1/1)

Altars:
Cheibriados
Dithmenos
Elyvilon
Fedhas
Gozag
Hepliaklqana
Kikubaaqudgha
Makhleb
Nemelex Xobeh
Okawaru
Qazlal
Ru
Sif Muna
Trog
Uskayaw
Vehumet
Wu Jian
Xom
Yredelemnul
Zin
The Shining One
Jiyva
Lugonu

Shops:
D =

Annotations:
D Sonja


Innate Abilities, Weirdness & Mutations

You have a pair of horns on your head.
You reflexively headbutt those who attack you in melee.


Message History

Aiming: Corrosive Bolt
Press: ? - help, Q - select action, (/) - cycle Shift-Dir - straight line, f - Sonja
Aim: Sonja, wielding a +2 dagger of distortion, quivering curare-tipped darts and carrying a wand of paralysis (9) (29% to hit)
The bolt of acid misses Sonja.
Sonja throws a curare-tipped dart.
The curare-tipped dart hits you.
You are poisoned.
You have difficulty breathing.
You feel yourself slow down.
Aiming: Corrosive Bolt
Press: ? - help, Q - select action, (/) - cycle Shift-Dir - straight line, f/p - Sonja
Aim: Sonja, wielding a +2 dagger of distortion, quivering curare-tipped darts and carrying a wand of paralysis (9) (29% to hit)
The bolt of acid hits Sonja!
Sonja is heavily wounded.
You feel sick.
Sonja zaps a wand.
You resist with some effort.
Aiming: Corrosive Bolt
Press: ? - help, Q - select action, (/) - cycle Shift-Dir - straight line, f/p - Sonja
Aim: Sonja, wielding a +2 dagger of distortion, quivering curare-tipped darts and carrying a wand of paralysis (8) (heavily wounded, 29% to hit)
The bolt of acid misses Sonja.
You feel sick.
Sonja throws a curare-tipped dart.
The curare-tipped dart hits you.
You are more poisoned.
You have difficulty breathing.
You feel as though you will be slow longer.
You miss Sonja. Your headbutt misses Sonja.
Sonja is heavily wounded.
You feel very sick.
Sonja zaps a wand.
You suddenly lose the ability to move!
Sonja hits you with a +2 dagger of distortion.
Space warps horribly around you! Sonja hits you but does no damage.
Sonja hits you with a +2 dagger of distortion.
Space warps around you.
You feel sick.
Sonja hits you with a +2 dagger of distortion.
* * * LOW HITPOINT WARNING * * *
Space warps horribly around you!
* * * LOW HITPOINT WARNING * * *
Sonja hits you with a +2 dagger of distortion.
* * * LOW HITPOINT WARNING * * *
Sonja hits you but does no damage. Space warps around you.
You die...
Your body crumbles into a pile of gold.

######################
#<.#..)..#..'..#__#..+
$
#..').#..').#..'..'..#
#..#####'#####'#__####
#..####..#...#(####$
#..#__####..##.# $$
#..#_____##'#_.+
#⌠⌠#_.∩...'..._# $$
####_..__##_@#'#
$$#_____###K#.# $
####### #.### $ $.$ $$
$$ $.$ $ ##.## $#+#$ $
$ $ $ $ $$


You could see Sonja.

Vanquished Creatures
  A slime creature (D)
  Sigmund (D)
  A yak (D)
  An ogre (D)
  A jelly (D)
  Ijyb (D)
6 creatures vanquished.

Notes
Turn   | Place    | Note
-------+----------+-------------------------------------------
     0 | D        | retardedninja the Minotaur Fighter began the quest for the
                  | Orb.
     0 | D        | Reached XP level 1. HP: 19/19 MP: 0/0
     2 | D        | Noticed Ijyb
     9 | D        | Killed Ijyb
    10 | D        | Reached skill level 5 in Fighting
    10 | D        | Reached skill level 5 in Armour
    10 | D        | Reached skill level 5 in Shields
    10 | D        | Reached XP level 2. HP: 18/29 MP: 1/1
   260 | D        | Noticed an ogre
   264 | D        | Killed an ogre
   265 | D        | Reached XP level 3. HP: 19/39 MP: 2/2
   265 | D        | Reached XP level 4. HP: 23/47 MP: 3/3
   365 | D        | Noticed Sigmund
   370 | D        | Killed Sigmund
   371 | D        | Reached skill level 5 in Axes
   371 | D        | Reached XP level 5. HP: 40/57 MP: 4/4
   371 | D        | Reached XP level 6. HP: 44/63 MP: 5/5
   448 | D        | Found an ornate altar of the Wu Jian Council.
   448 | D        | Found a shimmering blue altar of Sif Muna.
   450 | D        | Found a radiant altar of Vehumet.
   532 | D        | Found Lugiann's Jewellery Emporium.
   532 | D        | Found an ancient bone altar of Kikubaaqudgha.
   532 | D        | Found a hazy altar of Hepliaklqana.
   532 | D        | Found a stormy altar of Qazlal.
   532 | D        | Found a hide-covered altar of Uskayaw.
   532 | D        | Found a blossoming altar of Fedhas.
   532 | D        | Found a bloodstained altar of Trog.
   532 | D        | Found an iron altar of Okawaru.
   532 | D        | Found a basalt altar of Yredelemnul.
   532 | D        | Found a glowing golden altar of the Shining One.
   532 | D        | Found a snail-covered altar of Cheibriados.
   532 | D        | Found a sacrificial altar of Ru.
   532 | D        | Found a glowing silver altar of Zin.
   532 | D        | Found a shadowy altar of Dithmenos.
   532 | D        | Found a white marble altar of Elyvilon.
   532 | D        | Noticed a yak
   539 | D        | Killed a yak
   540 | D        | Reached skill level 10 in Fighting
   540 | D        | Reached skill level 10 in Armour
   540 | D        | Found an opulent altar of Gozag.
   541 | D        | Found a sparkling altar of Nemelex Xobeh.
   786 | D        | Became a worshipper of Gozag Ym Sagoz the Greedy
   801 | D        | Found a burning altar of Makhleb.
   801 | D        | Found a viscous altar of Jiyva.
   801 | D        | Found a shimmering altar of Xom.
   801 | D        | Found a corrupted altar of Lugonu.
   801 | D        | Noticed a slime creature
   810 | D        | Killed a slime creature
   811 | D        | Reached skill level 10 in Shields
   811 | D        | Reached XP level 7. HP: 51/73 MP: 6/6
  1111 | D        | Noticed Sonja
  1115 | D        | Paralysed by Sonja for 5 turns
  1116 | D        | HP: 3/73 [Sonja/+2 dagger of distortion (1)]
  1116 | D        | Slain by Sonja

Illustrated notes

Levels and vault maps discovered:
D:        dungeon_sprint_1 [red_sonja_temple_1, red_sonja_temple_small_1]

Skill      XL: |  1  2  3  4  5  6 |
---------------+-------------------+-----
Fighting       | 5 7 9 10 | 10.9
Axes           | 3 4 5 7 |  7.2
Armour         | 5 7 9 10 | 10.8
Shields        | 5 7 8 10 | 10.3
Dodging        | |  0.2

Action                     |  1- 3 |  4- 6 |  7- 9 || total
---------------------------+-------+-------+-------++-------
  Melee: War axe           |     9 |    21 |     1 ||    31
         Headbutt          |     4 |     3 |       ||     7
  Evoke: Wand              |       |       |     3 ||     3
    Use: Potion            |     1 |       |       ||     1
         Scroll            |       |     1 |       ||     1
 Armour: Scale mail        |     1 |     4 |     2 ||     7
  Dodge: Dodged            |     4 |     6 |       ||    10
  Block: Buckler           |     2 |     1 |       ||     3

Table legend: (Time is in decaauts)
 A = Elapsed time spent in this place.
 B = Non-inter-level travel time spent in this place.
 C = Inter-level travel time spent in this place.
 D = Time resting spent in this place.
 E = Time spent auto-exploring this place.
 F = Levels seen in this place.
 G = Mean time per level.
                   A        B        C        D        E       F      G
               +--------+--------+--------+--------+--------+-----+--------+
         Total |   1126 |   1126 |      0 |    950 |      0 |   1 | 1126.0 |
       Dungeon |   1126 |   1126 |      0 |    950 |      0 |   1 | 1126.0 |
               +--------+--------+--------+--------+--------+-----+--------+

Top non-repeatable levels by time:
       D: 1126 daAuts
